 Dungeon Crawl Stone Soup version 0.32-a0-868-g153ae1a8d6 (webtiles) character file.

Game seed: 13637062059511776287

312 ezpacito the Trooper (level 6, -1/48 HPs)
             Began as a Coglin Chaos Knight on Mar 28, 2024.
             Was a Plaything of Xom.
             Slain by a kobold
             ... wielding a +0 short sword
              (3 damage)
             ... on level 4 of the Dungeon.
             The game lasted 00:03:09 (2509 turns).

ezpacito the Trooper (Coglin Chaos Knight)          Turns: 2509, Time: 00:03:10

Health: -1/48      AC:  5    Str: 15    XL:     6   Next: 42%
Magic:  7/7        EV: 11    Int: 11    God:    Xom [..*...]
Gold:   119        SH:  0    Dex: 13    Spells: 7/7 levels left

rFire   . . .        a - +0 hand axe (chaos) {Noor}
rCold   . . .        d - +0 dagger (chaos) {Agustín}
rNeg    . . .        b - +2 leather armour
rPois   .            (no helmet)
rElec   .            (no cloak)
rCorr   .            (no gloves)
SInv    +            (no boots)
Will    .....        (amulet unavailable)
Stlth   +            (ring unavailable)
HPRegen 0.28/turn    (ring unavailable)
MPRegen 0.10/turn    (no gizmo)

%: clarity
@: revving
A: off-hand wielding, slow wielding, warmup strikes, no jewellery, clarity
a: Invent Gizmo, Renounce Religion


You were on level 4 of the Dungeon.
You worshipped Xom.
You were a toy of Xom.
You visited 1 branch of the dungeon, and saw 4 of its levels.

You collected 119 gold pieces.

Inventory:

Hand Weapons
 a - a +0 hand axe of chaos (weapon) {Noor}
 d - a +0 dagger of chaos (offhand) {Agustín}
Missiles
 e - 11 poisoned darts (quivered)
Armour
 b - a +2 leather armour (worn)
Scrolls
 h - 2 scrolls of brand weapon
 i - 3 scrolls of identify
 j - a scroll of silence {unknown}
 k - a scroll of fear {unknown}
 l - a scroll of enchant armour


   Skills:
 * Level 3.9 Fighting
 * Level 3.9(4.2) Axes
 * Level 2.0(3.1) Polearms
 * Level 2.8 Armour
 * Level 2.2 Dodging
 + Level 1.4 Stealth
 + Level 1.1 Spellcasting


You had 7 spell levels left.
You didn't know any spells.
Your spell library contained the following spells:

 Spells                   Type           Power      Damage    Failure   Level
 Slow                     Hex            0%         N/A       36%         1
 Confusing Touch          Hex            0%         N/A       75%         3
 Vampiric Draining        Necr           0%         2d6       75%         3


Dungeon Overview and Level Annotations

Branches:
Dungeon (4/15)             Temple (0/1) D:4

Altars:
Gozag

Shops:
D:1 (   D:3 [


Innate Abilities, Weirdness & Mutations

You can wield a second weapon in your off-hand.
It takes a long time for you to wield or remove held weapons.
Your first few attacks do less damage.
You cannot equip rings or amulets.
You possess an exceptional clarity of mind.


Message History

You hit something but do no damage. Something hits you.
The orc hits you with a +0 trident.
* * * LOW HITPOINT WARNING * * *
You take 5 damage, and have 11/48 hp.
You hit the orc with your +0 hand axe of chaos.
The orc flies into a frenzy!
The orc is moderately wounded.
You hit the kobold but do no damage.
The kobold suddenly seems more resistant.
You hit something but do no damage. You hit the orc but do no damage.
The orc seems to slow down.
Something hits you but does no damage. The orc closely misses you.
The orc throws a boomerang.
The boomerang barely misses you.
The orc hits the orc with a +0 mace.
The orc dies!
The kobold hits you with a +0 short sword.
* * * LOW HITPOINT WARNING * * *
You take 1 damage, and have 10/48 hp.
An orc comes into view. It is wielding a +0 hand axe.
The orc throws a boomerang.
The boomerang misses you. The sleepcap attacks as it pursues you!
The sleepcap releases spores at you.
* * * LOW HITPOINT WARNING * * *
You take 4 damage, and have 6/48 hp.
Something hits you but does no damage.
The orc throws a boomerang.
The boomerang closely misses you.
As you read the scroll labelled ERAXUA VEAPSU, it crumbles to dust.
It is a scroll of identify.
l - a scroll of enchant armour;
i - 3 scrolls of identify Something completely misses you.
The sleepcap releases spores at you.
* * * LOW HITPOINT WARNING * * *
The kobold closely misses you.
You take 5 damage, and have 2/48 hp.
As you read the scroll labelled NIXONIDDUU, it crumbles to dust.
You feel aware of your surroundings.
It was a scroll of revelation.
The orc wizard closely misses you.
The orc throws a boomerang.
The boomerang completely misses the orc wizard.
The boomerang hits you but does no damage.
The sleepcap misses you.
The kobold hits you with a +0 short sword.
You die...
Xom giggles madly!

**,,,,,** #.$.....#
*,,....#####.......#
*,,.....####.$.)..#* **
*,*.o....###...(.#*
,******,*#......#..$o#.#
,,,,,,,,*##.....#.)..#.#
,********###....#..$...#
** ####..#Ko...###
#######@fo.####
#######.#######
######..#######
######.########
######.########
#####.#########
#####.#########
####..######### #.##


You could see a sleepcap, an orc wizard (invisible, very poisoned, very
drained), 3 orcs and a kobold (resistant).

Vanquished Creatures
  2 bombardier beetles (D:4)
  2 gnolls (D:2)
  2 dart slugs (D:2)
  A ribbon worm (D:4)
  An orc (D:4)
  2 endoplasms (D:1)
  2 giant cockroaches
  7 goblins
  6 hobgoblins
  6 kobolds
  3 quokkas
  A ball python (D:3)
  8 bats
  5 frilled lizards
  5 rats
53 creatures vanquished.

Vanquished Creatures (collateral kills)
  Sigmund (D:2)
  A gnoll (D:2)
2 creatures vanquished.

Vanquished Creatures (others)
  A gnoll (D:2)
  An orc (D:4)
2 creatures vanquished.

Grand Total: 57 creatures vanquished

Notes
Turn   | Place    | Note
-------+----------+-------------------------------------------
     0 | D:1      | ezpacito the Coglin Chaos Knight began the quest for the
                  | Orb.
     0 | D:1      | Reached XP level 1. HP: 18/18 MP: 1/1
    66 | D:1      | Reached skill level 1 in Dodging
   154 | D:1      | Found Qidad's Weapon Shop.
   180 | D:1      | Reached XP level 2. HP: 23/24 MP: 2/2
   182 | D:1      | XOM: cloud trail
   393 | D:1      | XOM: divination: magic mapping
   657 | D:1      | Reached XP level 3. HP: 29/29 MP: 3/3
  1255 | D:2      | XOM: divination: magic mapping
  1263 | D:2      | Reached skill level 1 in Polearms
  1263 | D:2      | Reached XP level 4. HP: 17/35 MP: 4/4
  1369 | D:2      | XOM: enchant monster (good)
  1444 | D:2      | XOM: summons friendly ufetubus
  1446 | D:2      | Reached skill level 1 in Stealth
  1567 | D:2      | Noticed Sigmund
  1575 | D:2      | Gained mutation: You possess an exceptional clarity of
                  | mind. [potion of mutation]
  1577 | D:2      | XOM: smoke on damage
  1580 | D:2      | Killed Sigmund
  1581 | D:2      | Reached skill level 1 in Spellcasting
  1581 | D:2      | Reached XP level 5. HP: 7/42 MP: 4/6
  1581 | D:2      | Reached XP level 6. HP: 8/48 MP: 4/7
  1834 | D:2      | XOM: cloud trail
  2120 | D:3      | XOM: noise
  2207 | D:3      | Found Iqoakkat's Antique Armour Shoppe.
  2221 | D:3      | XOM: butterfly on damage
  2224 | D:3      | XOM: potion effect (invisibility)
  2250 | D:4      | XOM: smoke on damage
  2489 | D:4      | Noticed an orc warrior
  2494 | D:4      | Found an opulent altar of Gozag.
  2508 | D:4      | HP: 2/48 [sleepcap (5)]
  2509 | D:4      | Slain by a kobold

Illustrated notes

Levels and vault maps discovered:
D:1:      lemuel_arrival_funnel, layout_basic, serial_shops,
          nicolae_shop_bloodbath_and_beyond
D:2:      layout_basic, uniq_sigmund
D:3:      minmay_wonky_spiral, layout_loops_ring, serial_shops, shop,
          kennysheep_generic_room_7
D:4:      layout_cave_pods, grunt_gozag_breadcrumbs,
          minmay_temple_entry_antechambers, uniq_edmund

Skill      XL: |  1  2  3  4  5  6 |
---------------+-------------------+-----
Dodging        | 1 2 |  2.2
Armour         | 2 |  2.8
Polearms       | 1 2 |  2.0
Stealth        | 1 |  1.4
Spellcasting   | 1 |  1.1
Fighting       | |  3.9
Axes           | |  3.9

Action                     |  1- 3 |  4- 6 || total
---------------------------+-------+-------++-------
  Melee: Hand axe          |    70 |    51 ||   121
         Dagger            |    61 |    51 ||   112
    Use: Potion            |     1 |     5 ||     6
         Scroll            |       |     5 ||     5
   Stab: Petrifying        |       |     1 ||     1
         Sleeping          |       |     1 ||     1
 Armour: Leather armour    |    32 |    47 ||    79
  Dodge: Dodged            |    53 |    28 ||    81

Table legend: (Time is in decaauts)
 A = Elapsed time spent in this place.
 B = Non-inter-level travel time spent in this place.
 C = Inter-level travel time spent in this place.
 D = Time resting spent in this place.
 E = Time spent auto-exploring this place.
 F = Levels seen in this place.
 G = Mean time per level.
                   A        B        C        D        E       F      G
               +--------+--------+--------+--------+--------+-----+--------+
         Total |   2516 |   2441 |     75 |    125 |   1837 |   4 |  629.0 |
       Dungeon |   2516 |   2441 |     75 |    125 |   1837 |   4 |  629.0 |
               +--------+--------+--------+--------+--------+-----+--------+

Top non-repeatable levels by time:
     D:2: 1009 daAuts
     D:1: 957 daAuts
     D:3: 283 daAuts
     D:4: 265 daAuts
